 Dungeon Crawl Stone Soup version 0.16-a0-3465-g53c7d0b (webtiles) character file.

476 Kemay the Insei (level 7, 0/43 HPs)
             Began as an Octopode Transmuter on Jan 2, 2015.
             Shot with an arrow by a centaur (3 damage)
             ... on level 4 of the Dungeon.
             The game lasted 00:12:56 (3551 turns).

Kemay the Insei (Octopode Transmuter)               Turns: 3551, Time: 00:12:58

Health: 0/43       AC:  2    Str:  9    XL:     7   Next: 10%
Magic:  9/12       EV: 20    Int: 17    God:
Gold:   134        SH:  0    Dex: 18    Spells: 2 memorised, 6 levels left

rFire  . . .     SeeInvis .       - Unarmed
rCold  . . .     Clarity  .     (shield currently unavailable)
rNeg   + . .     SustAb   .     (helmet currently unavailable)
rPois  x         Gourm    .     j - amulet of warding
rElec  .         Spirit   .     (no ring)
rCorr  .         Warding  +     (no ring)
rMut   .         Stasis   .     (no ring)
MR     .....                    (no ring)
Stlth  ++........               (no ring)
                                (no ring)
                                (no ring)
                                (no ring)

@: spider-form, not resistant to hostile enchantments, unstealthy
A: almost no armour, amphibious, 8 rings, (constrict 8), (camouflage 0), breathe
flames 1, (gelatinous body 0)
a: End Transformation, Breathe Fire


You were on level 4 of the Dungeon.
You were not hungry.
You were a venomous arachnid creature.
You visited 1 branch of the dungeon, and saw 4 of its levels.
You also visited: Sewer.

You collected 134 gold pieces.

Inventory:

Armour
 e - a +3 buckler
Jewellery
 j - an amulet of warding (around neck)
Magical devices
 l - a wand of digging (10)
Scrolls
 g - 4 scrolls of remove curse
 m - 2 scrolls of teleportation
 n - 2 scrolls of fear
Potions
 b - a potion of cure mutation
 h - a potion of mutation {unknown}
 i - 3 potions of curing
Books
 d - a book of Changes

   Spells                             Type                      Level
   a - Beastly Appendage              Transmutation                1
   b - Sticks to Snakes               Transmutation                2
   c - Spider Form                    Transmutation/Poison         3
   d - Ice Form                       Ice/Transmutation            4
   e - Blade Hands                    Transmutation                5
Comestibles
 a - 2 bread rations
 c - 2 meat rations
 k - a royal jelly


   Skills:
 - Level 1.0 Fighting
 - Level 2.0 Dodging
 + Level 6.0 Unarmed Combat
 - Level 2.0 Spellcasting
 - Level 4.5 Transmutations
 - Level 3.0 Poison Magic


You had 6 spell levels left.
You knew the following spells:

 Your Spells              Type           Power        Failure   Level  Hunger
a - Beastly Appendage     Trmt           ###...       10%         1    #......
b - Spider Form           Trmt/Pois      ##........   32%         3    ###....


Dungeon Overview and Level Annotations

Branches:
Dungeon (4/15)
 Temple: D:4-7

Altars:
Yredelemnul
Zin

Shops:
D:2 *


Innate Abilities, Weirdness & Mutations

You cannot wear most types of armour.
You are amphibious.
You can wear up to eight rings at the same time.
((You can use your tentacles to constrict many enemies at once.))
((Your skin changes colour to match your surroundings (Stealth).))
((Your rubbery body absorbs attacks (AC +1).))
You can breathe flames.


Message History

You constrict the quokka. The quokka barely misses you.
You barely miss the quokka. You squeeze the quokka.
You kill the quokka!
Found a scroll labeled GOPALO HAQ.
Found a hat.
A centaur comes into view.
The centaur shouts!
The centaur wields a runed shortbow.
It bursts into flame!
The centaur shoots an arrow.
The arrow hits you!! The arrow burns you.
You see here an arrow.
The centaur shoots an arrow.
The arrow hits you. The arrow burns you.
* * * LOW HITPOINT WARNING * * *
A goblin comes into view.
Casting: Spider Form
Confirm with . or Enter, or press ? or * to list all spells.
You turn into a venomous arachnid creature.
The centaur shoots an arrow.
The arrow hits you!
* * * LOW HITPOINT WARNING * * *
The arrow burns you.
You die...

###.....# ## ##.....#.#
#. .####..#####.###..#
.#....## ###......
...#######.....#
....)..........# .##
.#####..###..#.#####[...
.#...?.###...#...........
"#....###..#...(s.#
.......##.....###?.#
...........##.. #.c..
.#....###.# ###. ##....
...#.## #. .# .⌠. ##....#
.. # g #.. .


You could see a centaur and a goblin.

Vanquished Creatures
  Purgy (Sewer)
  A phantom (D:4)
  Sigmund (D:2)
  A giant frog skeleton (D:3)
  Natasha (twice) (D:3)
  Jessica (D:3)
  3 adders
  2 worms (D:2)
  2 giant mites (D:3)
  4 giant geckos
  4 oozes
  2 orcs (D:3)
  A bat skeleton (D:4)
  3 giant cockroaches
  9 goblins
  10 hobgoblins
  12 jackals
  A quokka (D:4)
  4 bats
  2 giant newts
  12 kobolds
  7 rats
85 creatures vanquished.

Notes
Turn   | Place    | Note
--------------------------------------------------------------
     0 | D:1      | Kemay, the Octopode Transmuter, began the quest for the Orb.
     0 | D:1      | Reached XP level 1. HP: 13/13 MP: 3/3
   443 | D:1      | Reached XP level 2. HP: 12/18 MP: 2/4
   817 | D:1      | Reached XP level 3. HP: 17/23 MP: 6/6
   822 | D:1      | Learned a level 3 spell: Spider Form
  1453 | D:2      | Reached skill level 1 in Poison Magic
  1484 | D:2      | Gained mutation: You can breathe flames. [potion of beneficial mutation]
  1803 | D:2      | Found Zin's Purification Station.
  1804 | D:2      | Found a glowing silver altar of Zin.
  1845 | D:2      | Reached XP level 4. HP: 28/28 MP: 3/7
  1871 | D:2      | Noticed Sigmund
  1895 | D:2      | Killed Sigmund
  1895 | D:2      | Reached skill level 4 in Transmutations
  1895 | D:2      | Reached XP level 5. HP: 27/33 MP: 6/9
  2429 | D:3      | Found a basalt altar of Yredelemnul.
  2540 | D:3      | Noticed Natasha
  2609 | D:3      | Noticed Jessica
  2612 | D:3      | Killed Natasha
  2612 | D:3      | Reached XP level 6. HP: 34/38 MP: 2/10
  2618 | D:3      | Killed Jessica
  2621 | D:3      | Noticed Natasha
  2627 | D:3      | Killed Natasha
  2918 | D:3      | Found a glowing drain.
  2930 | Sewer    | Entered a sewer
  3014 | Sewer    | Noticed Purgy
  3034 | Sewer    | Killed Purgy
  3034 | Sewer    | Reached skill level 5 in Unarmed Combat
  3462 | D:4      | Reached skill level 6 in Unarmed Combat
  3462 | D:4      | Reached XP level 7. HP: 32/43 MP: 9/12
  3551 | D:4      | Shot with an arrow by a centaur

Action                   |  1- 3 |  4- 6 |  7- 9 || total
-------------------------+-------+-------+-------++-------
Melee: Unarmed           |   106 |   135 |     2 ||   243
 Cast: Beastly Appendage |    17 |     4 |       ||    21
       Spider Form       |     1 |     6 |     1 ||     8
 Abil: End Transformatio |     1 |     2 |       ||     3
Evoke: Wand              |       |     1 |       ||     1
  Use: Scroll            |     6 |     5 |     1 ||    12
       Potion            |     3 |     1 |       ||     4
 Stab: Sleeping          |     2 |     6 |       ||     8
       Confused          |       |     1 |       ||     1
  Eat: Chunk             |     3 |     7 |       ||    10
